 Dungeon Crawl Stone Soup version 0.31-a0-202-g547052bce9 (webtiles) character file.

Game seed: 11300358531566389595

54 qw the Shooter (level 3, -1/18 (20) HPs)
             Began as a Deep Elf Hunter on June 26, 2023.
             Slain by Robin
             ... wielding a +2 mace of protection
              (6 damage)
             ... on level 2 of the Dungeon.
             The game lasted 00:00:28 (931 turns).

qw the Shooter (Deep Elf Hunter)                     Turns: 931, Time: 00:00:29

HP:   -1/18 (20)    AC: 10    Str: 10    XL:     3   Next: 66%
MP:   5/5           EV:  8    Int: 13    God:
Gold: 39            SH:  0    Dex: 18    Spells: 2/2 levels left

rFire   . . .        Y - +0 shortbow
rCold   . . .        (shield currently unavailable)
rNeg    + . .        f - +0 pearl dragon scales
rPois   .            (no helmet)
rElec   .            (no cloak)
rCorr   .            (no gloves)
SInv    .            (no boots)
Will    .....        (no amulet) Stlth
                     (no ring)
HPRegen 0.23/turn    (no ring)
MPRegen 0.09/turn

%: no passive effects
@: heavily drained
A: no striking features
a: no special abilities


You were on level 2 of the Dungeon.
You visited 1 branch of the dungeon, and saw 2 of its levels.

You collected 39 gold pieces.


   Skills:
 - Level 1.5 Fighting
 + Level 6.9 Ranged Weapons
 - Level 1.0 Armour
 - Level 2.4 Dodging
 - Level 1.2 Stealth


You had 2 spell levels left.
You didn't know any spells.
Your spell library was empty.

Inventory:

Hand Weapons
 Y - a +0 shortbow (weapon)
Armour
 f - +0 pearl dragon scales (worn)
Jewellery
 b - an amulet of guardian spirit
Potions
 a - a potion of heal wounds {unknown}
 g - a potion of berserk rage {unknown}
 h - a potion of curing

Dungeon Overview and Level Annotations

Branches:
Dungeon (2/15)

Altars:

Shops:
D:2 [

Annotations:
D:2 Robin


Message History

You shoot an arrow. The arrow hits Robin.
Robin is lightly wounded.
Robin hits you but does no damage.
You shoot an arrow.
The arrow hits Robin but does no damage.
Robin is lightly wounded.
Robin closely misses you. Robin hits you but does no damage.
You shoot an arrow.
The arrow hits Robin but does no damage.
Robin is lightly wounded.
Robin hits you but does no damage.
You shoot an arrow. The arrow hits Robin.
Robin is lightly wounded.
Robin hits you but does no damage. x2
You shoot an arrow.
The arrow hits Robin but does no damage.
Robin is lightly wounded.
Robin barely misses you.
You shoot an arrow. The arrow hits Robin.
Robin is moderately wounded.
Robin barely misses you. Robin hits you but does no damage.
You shoot an arrow. The arrow hits Robin.
Robin is heavily wounded.
Robin barely misses you.
You shoot an arrow.
The arrow hits Robin but does no damage.
Robin is heavily wounded.
Robin hits you but does no damage.
You shoot an arrow. The arrow barely misses Robin.
Robin hits you with a +2 mace of protection.
Robin hits you but does no damage.
You shoot an arrow.
The arrow hits Robin but does no damage.
Robin is heavily wounded.
Robin barely misses you.
You shoot an arrow.
The arrow hits Robin but does no damage.
Robin is heavily wounded.
Robin hits you with a +2 mace of protection.
You die...

..# #(... #.# ##### #.#
# #+ #.# # ... #.# ....
###.# ..... ####.#.####
#
......##)........#######
.....%g@)...............
......##)#.....#.#######
....) #.........# # ....
#####.##### ## ... #.#
#. #+ #.# #. #.# #. #.
#####.


You could see Robin.

Vanquished Creatures
  2 dart slugs (D:1)
  5 endoplasms (D:1)
  3 giant cockroaches (D:1)
  13 goblins
  4 hobgoblins
  5 kobolds (D:1)
  A quokka (D:1)
  5 ball pythons
  A bat (D:1)
  A frilled lizard (D:1)
  3 rats
43 creatures vanquished.

Notes
Turn   | Place    | Note
-------+----------+-------------------------------------------
     0 | D:1      | qw the Deep Elf Hunter began the quest for the Orb.
     0 | D:1      | Reached XP level 1. HP: 12/12 MP: 3/3
     0 | D:1      | 0 ||| qw: Version: 0.3-a-22-g0ed2b0b
     0 | D:1      | 0 ||| qw: Game counter: 5893
     0 | D:1      | 0 ||| qw: Melee chars always use a shield: true
     0 | D:1      | 0 ||| qw: God list: Okawaru
     0 | D:1      | 0 ||| qw: Allow faded altars: false
     0 | D:1      | 0 ||| qw: Do Orc after clearing Dungeon:15 true
     0 | D:1      | 0 ||| qw: Do second Lair branch before Depths: true
     0 | D:1      | 0 ||| qw: Lair rune preference: random
     0 | D:1      | 0 ||| qw: Goals: Normal
     0 | D:1      | 0 ||| PLANNING D:1-11
    71 | D:1      | Reached XP level 2. HP: 13/16 MP: 4/4
    78 | D:1      | Reached skill level 6 in Ranged Weapons
   370 | D:1      | Reached XP level 3. HP: 19/20 MP: 5/5
   601 | D:1      | 601 ||| UPGRADING to +0 pearl dragon scales.
   611 | D:1      | 611 ||| DROPPING +0 leather armour.
   612 | D:1      | 612 ||| READING scroll labelled WEUFAE CICVAH.
   613 | D:1      | 613 ||| READING scroll labelled DUUSIG PACHU.
   614 | D:1      | 614 ||| READING scroll labelled CAAGEMMUOCH.
   619 | D:1      | 619 ||| DRINKING 2 black potions.
   620 | D:1      | 620 ||| DROPPING scroll of butterflies.
   693 | D:2      | Found Nupaxkir's Antique Armour Shoppe.
   897 | D:2      | Noticed Robin
   915 | D:2      | Reached skill level 1 in Armour
   920 | D:2      | HP: 4/18 [Robin/+2 mace of protection (2)]
   931 | D:2      | Slain by Robin

Levels and vault maps discovered:
D:1:      wander_arrival_fairy_ring, layout_loops_cross, hangedman_decor_push
D:2:      minmay_chambers_of_twos, layout_loops_corners, serial_shops, shop,
          nicolae_shop_hallway_stairs, uniq_natasha, uniq_robin

Skill      XL: |  1  2  3 |
---------------+----------+-----
Ranged Weapons | 6 |  6.9
Armour         | 1 |  1.0
Fighting       | |  1.5
Dodging        | |  2.4
Stealth        | |  1.2

Action                     || total
---------------------------++-------
   Fire: Shortbow          ||   127
    Use: Scroll            ||     3
         Potion            ||     1
 Armour: Leather armour    ||     4
         Pearl dragon scal ||    42
  Dodge: Dodged            ||    51

Table legend:
 A = Non-vault XP
 B = Vault XP
 C = Vault XP percentage of total XP
 D = Non-vault monster count
 E = Vault monster count
 F = Vault count percentage of total count
                 A         B        C        D         E       F
            +---------+---------+-------+---------+---------+-------
      Total |      54 |      24 |  30.8 |      31 |      12 |  27.9
            +---------+---------+-------+---------+---------+-------
        D:1 |      47 |       0 |   0.0 |      26 |       0 |   0.0
        D:2 |       7 |      24 |  77.4 |       5 |      12 |  70.6
            +---------+---------+-------+---------+---------+-------
